Map: 2000 Atmospheres LE

Players

soul

  • Race: Terran Terran
  • League: Master

HeroMarine - Winner!

  • Race: Terran Terran
  • League: Grandmaster

Event: TSL 7

VOD

Have the link to the VOD?

Description

Time

  • Played on: June 19, 2021, 2:36 p.m.
  • Length: 14:04

All games in this series

Show
View Real Time Build Order
Export as new Build Order

soul Terran 

Build Orders: Reaper Expand 

Get SALT Encoding   

  12  0:00  SCV  
  13  0:12  SCV  
  14  0:17  Supply Depot  
  14  0:24  SCV  
  15  0:38  SCV  
  15  0:40  Barracks  
  16  0:43  Refinery  
  16  0:50  SCV  
  17  1:02  SCV  
  18  1:14  SCV  
  19  1:27  Reaper, Orbital Command  
  20  1:40  Command Center  
  20  1:49  Supply Depot  
  20  1:53  SCV  
  21  1:59  Marine  
  22  2:05  SCV  
  22  2:07  Factory  
  23  2:11  Refinery  
  23  2:17  Bunker  
  23  2:22  Reaper  
  24  2:26  SCV  
  25  2:38  SCV  
  26  2:50  SCV, Hellion  
  29  2:51  Starport  
  29  2:54  Orbital Command  
  29  2:59  Barracks Reactor  
  29  3:02  SCV  
  30  3:12  Hellion  
  32  3:14  SCV  
  32  3:15  Refinery  
  33  3:20  SCV  
  34  3:29  SCV  
  34  3:31  Starport Tech Lab  
  35  3:34  Factory Tech Lab  
  35  3:37  Marine x2  
  35  3:38  SCV  
  37  3:48  SCV  
  35  3:53  SCV, Siege Tank  
  35  3:55  Marine x2  
  38  4:00  SCV  
  38  4:05  SCV  
  38  4:07  Raven  
  41  4:12  SCV  
  41  4:13  Marine x2  
  44  4:17  SCV  
  46  4:24  SCV, Command Center  
  46  4:33  Supply Depot  
  46  4:35  Supply Depot  
  46  4:48  Refinery  
  46  4:54  Raven, Marine x2  
  46  4:55  SCV, Cyclone  
  46  4:56  SCV, Supply Depot  
  46  4:59  Barracks  
  55  5:00  Barracks  
  56  5:07  SCV  
  56  5:08  SCV  
  56  5:11  Supply Depot  
  56  5:12  Marine x2  
  59  5:19  SCV  
  59  5:20  SCV  
  61  5:27  Siege Tank  
  64  5:31  SCV  
  64  5:33  SCV  
  66  5:36  Engineering Bay  
  66  5:38  Engineering Bay  
  66  5:42  Orbital Command  
  66  5:43  SCV  
  66  5:45  SCV  
  65  5:50  Stimpack  
  65  5:51  Barracks Reactor x2  
  65  5:55  SCV  
  65  5:57  SCV  
  65  5:59  Siege Tank  
  65  6:00  Viking x2  
  65  6:01  Marine  
  74  6:08  Orbital Command  
  74  6:12  SCV  
  74  6:14  SCV  
  76  6:18  Terran Infantry Armor Level 1, Sensor Tower, Terran Infantry Weapons Level 1  
  76  6:22  Marine, Supply Depot  
  76  6:24  SCV  
  78  6:26  SCV  
  78  6:27  Marine  
  78  6:28  Marine x3  
  83  6:34  Supply Depot  
  83  6:35  Siege Tank  
  83  6:37  SCV  
  87  6:40  SCV x2, Marine  
  87  6:44  Viking  
  87  6:45  Marine  
  87  6:46  Viking  
  95  6:49  SCV  
  95  6:52  SCV x2, Marine x2  
  100  6:54  Marine  
  100  6:58  Marine  
  100  6:59  Supply Depot  
  100  7:01  Supply Depot  
  102  7:02  SCV  
  102  7:03  Marine  
  102  7:04  SCV  
  102  7:05  SCV  
  105  7:10  Siege Tank  
  105  7:14  SCV  
  109  7:18  Refinery  
  109  7:19  Refinery  
  109  7:21  SCV x2, Medivac x2  
  115  7:22  Supply Depot  
  115  7:24  Supply Depot x2  
  115  7:26  SCV, Marine  
  117  7:30  Marine x4, Combat Shield  
  117  7:33  SCV  
  117  7:35  Supply Depot  
  122  7:38  SCV  
  122  7:40  Barracks  
  122  7:41  SCV, Barracks  
  124  7:44  Marine  
  124  7:45  SCV  
  124  7:48  Armory, Marine x2, Supply Depot  
  124  7:49  Marine  
  124  7:51  Supply Depot  
  129  7:54  Siege Tank  
  129  7:55  Marine  
  129  7:56  SCV  
  134  8:02  Marine  
  134  8:04  Medivac x2  
  139  8:06  Marine x2  
  139  8:07  Marine  
  142  8:13  Marine  
  142  8:14  Supply Depot  
  142  8:16  Command Center  
  143  8:20  Marine  
  143  8:22  Factory, Supply Depot  
  143  8:25  Missile Turret  
  144  8:28  Barracks Reactor x2  
  144  8:29  Marine x3  
  144  8:32  Marine  
  148  8:34  Medivac  
  148  8:35  Medivac  
  148  8:37  Marine  
  148  8:39  Terran Infantry Weapons Level 2  
  153  8:42  Terran Infantry Armor Level 2  
  153  8:46  Marine  
  153  8:47  Marine x2  
  156  8:49  Marine  
  156  8:50  Terran Vehicle Weapons Level 1  
  156  8:53  Siege Tank  
  156  8:55  Marine  
  159  9:04  Marine x3  
  159  9:07  Marine  
  159  9:09  Marine x4  
  155  9:11  Factory Tech Lab  
  155  9:13  Marine  
  155  9:16  Medivac x2  
  160  9:22  Marine x3  
  163  9:25  Marine, Siege Tank  
  163  9:27  Marine  
  163  9:30  Marine  
  166  9:33  SCV x2  
  166  9:34  Marine  
  166  9:36  Marine  
  166  9:37  Marine  
  170  9:39  Siege Tank  
  170  9:40  Marine x3  
  170  9:43  SCV, Marine  
  170  9:45  Marine  
  178  9:48  Marine  
  179  9:53  Marine  
  179  9:54  Marine x2  
  179  9:55  Sensor Tower  
  179  9:57  Siege Tank  
  179  9:58  Marine x3  
  179  9:59  Medivac x2  
  192  10:01  Marine  
  192  10:02  Marine  
  192  10:06  SCV, Marine  
  196  10:08  SCV  
  196  10:10  Marine  
  196  10:12  Marine x2  
  198  10:16  Marine x2, Planetary Fortress  
  198  10:18  Refinery  
  198  10:19  Refinery, Command Center  
  200  10:23  Marine  
  195  10:39  Marine  
  195  10:41  Marine  
  190  10:45  Marine  
  190  10:46  Marine x6  
  185  10:51  Starport, Siege Tank  
  185  10:52  Starport  
  185  10:54  Terran Vehicle Weapons Level 2  
  185  10:56  Marine  
  189  10:57  Armory  
  189  10:59  Marine  
  189  11:00  Fusion Core  
  189  11:03  Marine  
  189  11:04  Marine  
  191  11:17  Marine x5, Siege Tank  
  185  11:18  Marine x2  
  185  11:21  Marine x2  
  185  11:23  Siege Tank  
  160  11:34  Marine x4  
  160  11:35  Marine  
  160  11:36  Marine x2  
  160  11:38  Marine  
  160  11:39  Marine  
  151  11:41  SCV x3  
  149  11:50  SCV  
  149  11:52  Marine x5  
  149  11:53  SCV x3  
  158  11:54  Marine x2  
  158  11:56  Marine  
  158  11:57  Marine  
  162  12:02  SCV  
  162  12:05  SCV x3  
  164  12:10  Marine x2  
  164  12:14  SCV, Starport Reactor x2, Marine x2  
  168  12:17  SCV x3, Siege Tank  
  168  12:22  Planetary Fortress  
  174  12:26  SCV  
  174  12:27  Marine  
  174  12:28  Marine x4  
  174  12:29  SCV  
  155  12:31  Marine  
  155  12:32  Marine x2  
  155  12:35  Marine  
  136  12:37  Medivac  
  126  12:45  Marine  
  126  12:46  Marine x4  
  126  12:49  Marine  
  126  12:50  Marine x2  
  112  12:53  Marine  
  92  12:59  Medivac x2  
  92  13:03  Marine  
  97  13:05  SCV x4  
  97  13:08  Marine  
  97  13:11  Marine  
  101  13:16  Marine x2  
  101  13:17  SCV  
  101  13:18  SCV x2  
  101  13:19  SCV  
  88  13:21  Marine  
  88  13:22  Marine  
  79  13:28  Medivac x2  
  79  13:29  SCV, Marine  
  79  13:31  Marine  
  74  13:34  Marine x2  
  74  13:35  Marine  
  74  13:40  Marine x3  
  78  13:42  Marine  
Show
View Real Time Build Order
Export as new Build Order

HeroMarine Terran - Winner!

Build Orders:  

Get SALT Encoding   

  12  0:00  SCV  
  13  0:12  SCV  
  14  0:17  Supply Depot  
  14  0:24  SCV  
  15  0:32  Refinery  
  15  0:38  SCV  
  16  0:43  Barracks  
  16  0:50  SCV  
  16  0:53  Refinery  
  17  1:02  SCV  
  18  1:15  SCV  
  19  1:30  Orbital Command  
  19  1:32  Factory  
  19  1:35  Reaper  
  20  1:42  Supply Depot  
  20  1:55  SCV  
  21  2:07  SCV, Reaper  
  23  2:16  Hellion  
  23  2:19  SCV  
  26  2:28  Command Center  
  26  2:31  SCV  
  26  2:35  Supply Depot  
  27  2:39  Reaper  
  30  2:44  Hellion  
  30  2:45  SCV  
  31  2:54  Starport  
  31  2:57  SCV  
  32  3:07  Factory Tech Lab  
  32  3:09  SCV  
  32  3:11  Barracks Tech Lab  
  33  3:17  Refinery  
  33  3:21  SCV  
  34  3:30  Cyclone  
  34  3:33  SCV  
  38  3:39  Raven  
  38  3:40  Orbital Command  
  40  3:45  SCV  
  39  3:57  Barracks Reactor, SCV  
  39  4:02  Cyclone  
  43  4:05  SCV  
  45  4:10  SCV  
  42  4:18  SCV  
  42  4:21  Command Center  
  42  4:22  SCV  
  42  4:23  Raven  
  44  4:27  Supply Depot  
  44  4:30  SCV  
  45  4:33  Marine x2  
  45  4:34  SCV  
  45  4:37  Siege Tank  
  51  4:42  SCV  
  52  4:46  SCV  
  52  4:49  Supply Depot  
  52  4:51  Marine x2  
  55  4:54  SCV  
  55  4:58  SCV  
  57  5:02  Refinery  
  57  5:06  SCV  
  58  5:10  SCV, Siege Tank  
  62  5:16  Barracks x2  
  62  5:18  SCV  
  62  5:20  Viking  
  65  5:22  SCV, Viking  
  68  5:30  SCV  
  68  5:32  Orbital Command  
  68  5:34  SCV  
  70  5:41  Supply Depot  
  70  5:42  SCV, Siege Tank  
  74  5:46  SCV  
  75  5:50  Viking  
  75  5:51  Viking  
  75  5:53  Marine  
  75  5:54  SCV  
  81  5:58  SCV  
  81  5:59  Engineering Bay  
  81  6:00  SCV  
  81  6:01  Engineering Bay  
  81  6:03  Barracks Reactor  
  81  6:04  Barracks Reactor  
  83  6:06  SCV  
  83  6:10  Supply Depot  
  83  6:11  SCV  
  85  6:12  SCV  
  87  6:19  SCV, Stimpack  
  87  6:20  Siege Tank  
  87  6:23  SCV  
  92  6:26  Viking  
  92  6:28  Supply Depot  
  92  6:31  SCV x2  
  95  6:34  Terran Infantry Armor Level 1  
  95  6:35  SCV  
  95  6:36  Marine  
  95  6:39  Terran Infantry Weapons Level 1  
  97  6:41  Marine x3  
  97  6:43  SCV  
  101  6:49  Supply Depot  
  101  6:50  SCV x2, Marine  
  101  6:51  Supply Depot  
  101  6:52  Viking  
  106  6:54  Marine  
  106  6:55  SCV  
  106  7:00  Barracks  
  106  7:01  Barracks  
  108  7:02  SCV  
  108  7:05  Supply Depot  
  109  7:10  Refinery x2  
  109  7:11  SCV, Siege Tank  
  109  7:12  Marine x3  
  109  7:13  Marine  
  109  7:15  Marine  
  119  7:16  SCV  
  119  7:19  SCV  
  120  7:25  Sensor Tower  
  120  7:28  Command Center  
  120  7:30  Marine, Medivac x2  
  120  7:32  Marine, Supply Depot  
  120  7:33  Marine  
  120  7:34  Marine x2  
  129  7:38  SCV  
  129  7:39  SCV x2  
  129  7:43  Armory  
  132  7:47  Barracks Reactor x2, Marine  
  133  7:51  Supply Depot  
  133  7:53  SCV x3, Marine x3  
  133  7:56  Marine  
  140  8:00  Supply Depot  
  140  8:02  Supply Depot  
  140  8:05  SCV, Combat Shield  
  141  8:12  Marine x2  
  141  8:13  Siege Tank  
  141  8:15  SCV x2, Marine x3, Supply Depot  
  141  8:16  Viking  
  141  8:17  SCV, Viking  
  156  8:24  Factory  
  156  8:27  SCV x2  
  156  8:30  SCV, Marine  
  156  8:32  Terran Infantry Armor Level 2  
  156  8:33  Refinery, Terran Infantry Weapons Level 2  
  160  8:36  Refinery  
  160  8:38  Supply Depot  
  160  8:39  SCV  
  161  8:41  SCV  
  161  8:42  SCV  
  161  8:47  Viking, Terran Vehicle Weapons Level 1  
  161  8:48  Viking  
  167  8:51  SCV  
  167  8:53  Marine x2  
  167  8:54  SCV x2  
  171  9:02  Marine  
  171  9:03  Marine  
  171  9:06  Marine x2  
  167  9:10  Marine x2  
  167  9:11  Siege Tank  
  167  9:12  Marine x2  
  167  9:17  Planetary Fortress  
  173  9:20  Marine x2  
  173  9:21  Medivac  
  176  9:24  Marine x2  
  176  9:28  Marine x2  
  176  9:29  Marine x2  
  177  9:38  Marine x2  
  176  9:39  SCV x3  
  176  9:42  Marine x2  
  176  9:43  Barracks Reactor, Siege Tank x2  
  187  9:45  Marine  
  187  9:46  Marine  
  187  9:47  Marine x2  
  187  9:49  Refinery  
  187  9:51  SCV x3  
  193  9:56  Marine x2  
  193  9:59  Medivac  
  197  10:00  Marine, Medivac  
  197  10:04  Starport  
  197  10:05  Starport  
  200  10:09  Missile Turret x2  
  200  10:10  SCV x2, Missile Turret  
  199  10:19  Sensor Tower  
  199  10:25  Siege Tank  
  199  10:27  Marine x2  
  199  10:30  Marine  
  197  10:38  Siege Tank  
  197  10:42  SCV x4  
  182  10:45  Marine x2  
  182  10:46  Marine x2  
  182  10:48  Liberator x2  
  188  10:54  SCV x2  
  193  10:57  Siege Tank  
  193  11:00  Starport Tech Lab  
  193  11:02  Marine  
  193  11:03  Marine x6  
  200  11:06  Starport Tech Lab  
  200  11:09  Command Center  
  200  11:13  Marine  
  200  11:16  Siege Tank  
  200  11:17  Marine x2  
  191  11:20  Marine x2  
  191  11:25  Marine x2  
  178  11:26  Marine  
  178  11:27  Marine  
  178  11:28  Marine  
  178  11:29  Siege Tank  
  163  11:34  Marine x3  
  163  11:35  Viking x2  
  163  11:36  Raven  
  163  11:38  Marine x2  
  168  11:43  Marine x2  
  168  11:44  Marine  
  168  11:45  Marine x2  
  170  11:48  Raven, Siege Tank  
  170  11:51  SCV x3, Marine  
  170  11:52  Marine x2  
  181  11:56  Marine x2  
  181  12:00  Marine  
  181  12:01  Marine, Siege Tank  
  188  12:02  Marine  
  188  12:03  SCV  
  187  12:12  Medivac x2  
  187  12:14  Supply Depot  
  191  12:18  Marine  
  191  12:19  Marine  
  191  12:20  Marine x2, Siege Tank  
  198  12:27  Marine x2  
  198  12:28  Marine x2  
  185  12:30  Refinery  
  185  12:33  Marine x2, Siege Tank  
  178  12:37  Marine x2  
  178  12:39  Marine x2  
  163  12:45  Marine x2  
  163  12:46  Marine x2  
  163  12:50  Marine x2  
  157  12:52  Siege Tank  
  157  12:55  Marine x2  
  157  12:56  Marine x2  
  153  13:02  Liberator x2  
  153  13:03  Marine x2  
  153  13:04  Marine x2  
  153  13:05  Siege Tank  
  163  13:07  Planetary Fortress  
  163  13:08  Marine x2  
  163  13:13  Marine x2  
  163  13:14  Marine x2  
  159  13:21  Marine x2  
  159  13:22  Marine  
  144  13:29  Marine  
  144  13:30  Marine  
  144  13:33  Marine x2  
  143  13:35  Marine x2  
  143  13:36  Marine  
Tags
 
Add a new tag
Caveats
  • Supply blocks, unpowered buildings, or Contaminate may cause inaccurate times.
  • Supply counts are checked every 10 seconds.